 Dungeon Crawl Stone Soup version 0.28-a0-1638-g9123634e07 (webtiles) character file.

Game seed: 5714885988321045429

60 bladeefan the Skirmisher (level 3, -6/29 HPs)
             Began as a Demonspawn Chaos Knight on Jan 25, 2022.
             Was a Plaything of Xom.
             Killed by an exploding bat (34 damage)
             ... ignited by their inner flame
             ... on level 2 of the Dungeon.
             The game lasted 00:03:09 (1413 turns).

bladeefan the Skirmisher (Demonspawn Chaos Knight)  Turns: 1413, Time: 00:03:10

Health: -6/29      AC:  6    Str: 14    XL:     3   Next: 82%
Magic:  3/3        EV: 11    Int: 13    God:    Xom [..*...]
Gold:   62         SH:  5    Dex: 12    Spells: 2/2 levels left

rFire   x . .      SeeInvis .   a - +0 mace (chaos)
rCold   + . .      Faith    .   (no shield)
rNeg    . . .      Spirit   .   b - +2 leather armour
rPois   .          Reflect  +   (no helmet)
rElec   .          Harm     .   (no cloak)
rCorr   .          Rampage  .   g - +0 pair of gloves
Will    .....                   (no boots)
Stlth   +.........              c - amulet of reflection
HPRegen 0.09/turn               d - ring of ice
MPRegen 0.08/turn               (no ring)

@: no status effects
A: spiny 1
a: Renounce Religion


You were on level 2 of the Dungeon.
You worshipped Xom.
You were a toy of Xom.
You visited 1 branch of the dungeon, and saw 2 of its levels.

You collected 62 gold pieces.

Inventory:

Hand Weapons
 a - a +0 mace of chaos (weapon)
Armour
 b - a +2 leather armour (worn)
 g - a +0 pair of gloves (worn)
   (You found it on level 1 of the Dungeon)
Jewellery
 c - an amulet of reflection (around neck)
   (You found it on level 1 of the Dungeon)
 d - a ring of ice (left hand)
   (You found it on level 1 of the Dungeon)
Scrolls
 h - a scroll of magic mapping {unknown}
 j - a scroll of fog {unknown}
 l - a scroll of holy word {unknown}
Potions
 e - a potion of brilliance {unknown}
 f - 2 potions of curing {@q1}
 k - a potion of attraction {unknown}


   Skills:
 + Level 3.4 Fighting
 * Level 3.4 Maces & Flails
 + Level 2.2 Armour
 + Level 1.6 Dodging


You had 2 spell levels left.
You didn't know any spells.
Your spell library contained the following spells:

 Spells                   Type           Power      Damage    Failure   Level
 Sublimation of Blood     Necr           0%         N/A       50%         2
 Wereblood                Tmut           0%         N/A       50%         2
 Summon Hydra             Summ           0%         N/A       100%        7


Dungeon Overview and Level Annotations

Branches:
Dungeon (2/15)

Altars:


Innate Abilities, Weirdness & Mutations

You are partially covered in sharp spines.


Message History

The adder hisses angrily.
You see here 8 gold pieces.
You miss the adder. The adder barely misses you.
You closely miss the adder. The adder is struck by your spines.
The adder barely misses you. The adder is struck by your spines.
The adder bites you but does no damage.
You hit the adder. You freeze the adder.
You kill the adder!
No target in view!
No target in view!
No target in view!
No target in view!
No target in view!
No target in view!
No target in view!
No target in view!
No target in view!
No target in view!
No target in view!
No target in view!
No target in view!
No target in view!
No target in view!
No target in view!
No target in view!
You now have 62 gold pieces (gained 8).
Key pressed, stopping explore.
Key pressed, stopping explore.
Found a metallic orange potion.
Found a scroll labelled ZAHEUTATOM.
No target in view!
k - a metallic orange potion
l - a scroll labelled ZAHEUTATOM As you open the door, it creaks loudly! 2 bats come into view.
The bat moves out of view.
A bat is nearby!
A bat is nearby!
As you read the scroll labelled KAULITU CIRE, it crumbles to dust.
The creatures around you are filled with an inner flame!
It was a scroll of immolation.
You barely miss the bat. The bat closely misses you. x2
You completely miss the bat. The bat is struck by your spines.
Flame seeps out of the bat.
The bat hits you.
The bat is engulfed in blazing flames.
The bat explodes!
The fiery explosion engulfs you!! The fire burns you terribly!
Ouch! That really hurt!
You die...
Xom titters!

###########.#
#...........#
#.###########
#.# #.# ###
#.# .... #.#
.....
#.##§.....
#.@○b.....
####§.....
..... ....
... .. .


You could see a bat.

Vanquished Creatures
  2 adders (D:2)
  A dart slug (D:1)
  An endoplasm (D:2)
  A giant cockroach (D:1)
  4 goblins
  7 hobgoblins
  3 jackals (D:2)
  A quokka (D:1)
  2 ball pythons (D:1)
  9 bats
  4 frilled lizards (D:1)
  3 kobolds (D:1)
  A rat (D:1)
39 creatures vanquished.

Vanquished Creatures (others)
  A fungus (D:1)
1 creature vanquished.

Grand Total: 40 creatures vanquished

Notes
Turn   | Place    | Note
-------+----------+-------------------------------------------
     0 | D:1      | bladeefan the Demonspawn Chaos Knight began the quest for
                  | the Orb.
     0 | D:1      | Reached XP level 1. HP: 18/18 MP: 1/1
    26 | D:1      | XOM: divination: detect creatures
    84 | D:1      | Reached skill level 1 in Dodging
   153 | D:1      | XOM: divination: detect creatures
   347 | D:1      | Gained mutation: You are partially covered in sharp spines.
                  | [demonic ancestry]
   347 | D:1      | Reached XP level 2. HP: 24/24 MP: 2/2
   599 | D:1      | XOM: divination: detect creatures
   611 | D:1      | XOM: silly message
   832 | D:1      | Reached XP level 3. HP: 29/29 MP: 3/3
   837 | D:1      | Found a faded altar of an unknown god.
  1005 | D:2      | XOM: god gift: book of Blood
  1184 | D:1      | XOM: god gift: 9 gold pieces
  1413 | D:2      | Killed by an exploding bat... ignited by their inner flame

Illustrated notes

Levels and vault maps discovered:
D:1:      minmay_arrival_checkered_box, layout_loops_ring,
          dreamdust_ecumenical_altar_hidden_monk_grotto
D:2:      layout_basic

Skill      XL: |  1  2 |
---------------+-------+-----
Dodging        | 1 |  1.6
Armour         | 2 |  2.2
Maces & Flails | 3 |  3.4
Fighting       | |  3.4

Action                   || total
-------------------------++-------
Melee: Mace              ||    63
       Punch             ||     1
  Use: Scroll            ||     2
 Stab: Sleeping          ||     3
Armor: Leather armour    ||    12
Dodge: Dodged            ||    40
Block: Other             ||     8
       Reflection        ||     1

Table legend: (Time is in decaauts)
 A = Elapsed time spent in this place.
 B = Non-inter-level travel time spent in this place.
 C = Inter-level travel time spent in this place.
 D = Time resting spent in this place.
 E = Time spent auto-exploring this place.
 F = Levels seen in this place.
 G = Mean time per level.
                   A        B        C        D        E       F      G
               +--------+--------+--------+--------+--------+-----+--------+
         Total |   1428 |   1404 |     24 |     24 |   1086 |   2 |  714.0 |
       Dungeon |   1428 |   1404 |     24 |     24 |   1086 |   2 |  714.0 |
               +--------+--------+--------+--------+--------+-----+--------+

Top non-repeatable levels by time:
     D:1: 1035 daAuts
     D:2: 393 daAuts
